 Dungeon Crawl Stone Soup version 0.20.1-1-g8b1a95d (webtiles) character file.

101985 Monsterracer the Brawler (level 16, -1/176 HPs)
             Began as an Ogre Transmuter on Aug 18, 2017.
             Was a High Priest of Okawaru.
             Slain by a seven-headed hydra (10 damage)
             ... on level 1 of the Swamp.
             The game lasted 01:24:17 (30114 turns).

Monsterracer the Brawler (Ogre Transmuter)         Turns: 30114, Time: 01:24:18

Health: -1/176     AC: 15    Str: 16    XL:     16   Next: 32%
Magic:  24/24      EV: 14    Int: 22    God:    Okawaru [*****.]
Gold:   1506       SH:  0    Dex:  9    Spells: 5/26 levels left

rFire    + . .     SeeInvis +     - Unarmed
rCold    + . .     Gourm    .   (shield currently unavailable)
rNeg     . . .     Faith    .   l - +2 robe {rC+ rF+}
rPois    .         Spirit   .   U - +2 hat {SInv}
rElec    .         Reflect  .   j - +2 cloak {+Inv}
rCorr    .         Harm     .   (gloves unavailable)
MR       +....     Clarity  +   (boots unavailable)
Stlth    +.........             o - amulet of regeneration
Regen    0.8/turn               m - +3 ring of intelligence
MPRegen  0.2/turn               e - +3 ring of protection

@: lethally poisoned (-1 -> -1), blade hands, very slightly contaminated,
invisible, very slow
A: unfitting armour, horns 1, talons 1, thin metallic scales 1, see invisible,
clarity, sense surroundings 1, tough skin 1, weak 1, wild magic 2, evolution 1,
MP-powered wands
a: End Transformation, Heroism, Finesse, Renounce Religion


You were on level 1 of the Swamp.
You worshipped Okawaru.
Okawaru was extremely pleased with you.
You were not hungry.
You had blades for hands.
You visited 5 branches of the dungeon, and saw 25 of its levels.
You visited the Abyss 1 time.

You collected 2193 gold pieces.
You spent 687 gold pieces at shops.

Inventory:

Missiles
 a - 586 arrows
 v - 19 large rocks (quivered)
 H - 4 throwing nets
Armour
 j - a +2 cloak of invisibility (worn)
 l - a +2 robe of resistance (worn)
 N - a scarf of repulsion
 U - a +2 hat of see invisible (worn)
Magical Staves
 b - an uncursed staff of wizardry {!a}
Jewellery
 e - a +3 ring of protection (right scythe-like blade)
 m - a +3 ring of intelligence (left scythe-like blade)
 o - an amulet of regeneration (around neck)
 q - an uncursed ring of flight
 P - an uncursed ring of poison resistance
 T - an uncursed ring of protection from fire
Wands
 r - a wand of digging (15/24)
 u - a wand of clouds (3/9)
 I - a wand of digging (14/24)
Scrolls
 c - a scroll of magic mapping
 f - 3 scrolls of fog
 i - 12 scrolls of remove curse
 w - a scroll of amnesia
 y - 4 scrolls of teleportation
 M - 2 scrolls of blinking
 Q - 3 scrolls of recharging
Potions
 g - 3 potions of heal wounds
 h - 4 potions of flight
 k - 5 potions of brilliance
 p - 3 potions of might
 s - 6 potions of haste
 t - a potion of ambrosia
 x - 5 potions of berserk rage
 A - a potion of cancellation
 B - a potion of invisibility
 D - 3 potions of mutation
 K - 7 potions of curing
 R - a potion of resistance
 X - a potion of agility
Books
 F - a book of the Warp

   Spells                             Type                      Level
   a - Gell's Gravitas                Translocation                3
   b - Portal Projectile              Hexes/Translocation          3
   c - Force Lance                    Conjuration/Translocation    4
   d - Dispersal                      Translocation                6
   e - Controlled Blink               Translocation                8
   f - Disjunction                    Translocation                8
Comestibles
 d - 12 bread rations
 z - 12 meat rations
 C - 7 royal jellies
 E - 5 fruits


   Skills:
 + Level 15.2 Fighting
 - Level 2.8 Throwing
 + Level 10.8 Dodging
 * Level 15.6 Unarmed Combat
 - Level 5.5 Spellcasting
 - Level 3.0 Hexes
 + Level 3.1 Charms
 - Level 11.0 Transmutations
 - Level 3.2 Ice Magic
 - Level 8.0 Invocations
 + Level 0.8 Evocations


You had 5 spell levels left.
You knew the following spells:

 Your Spells              Type           Power        Failure   Level  Hunger
a - Ice Form              Ice/Tmut       ######..     50%         4    ####...
b - Sticks to Snakes      Tmut           ######..     17%         2    None
c - Confusing Touch       Hex            ####..       41%         1    None
d - Blade Hands           Tmut           ######....   41%         5    #####..
e - Ozocubu's Armour      Chrm/Ice       ####....     58%         3    ##.....
f - Song of Slaying       Chrm           ####....     47%         2    None
g - Regeneration          Chrm/Necr      ###.......   73%         3    ##.....
z - Apportation           Tloc           #.....       63%         1    None


Dungeon Overview and Level Annotations

Branches:
Dungeon (15/15)            Temple (1/1) D:4            Lair (6/6) D:11
  Swamp (1/4) Lair:4        Snake (0/4) Lair:3        Slime (0/5) Lair:6
    Orc (2/2) D:9             Elf (0/3) Orc:2        Vaults (0/5) D:13
 Depths (0/5) D:15

Altars:
Ashenzari
Cheibriados
Dithmenos
Elyvilon
Fedhas
Gozag
Hepliaklqana
Kikubaaqudgha
Makhleb
Nemelex Xobeh
Okawaru
Qazlal
Ru
Sif Muna
Trog
Uskayaw
Vehumet
Xom
Yredelemnul
Zin
The Shining One
Beogh
Jiyva

Shops:
D:9 %   Orc:2 !}!(

Portals:
Pandemonium: Orc:2


Innate Abilities, Weirdness & Mutations

You are too large for most types of armour.
You have tough skin. (AC +1)
You have a pair of small horns on your head.
You have sharp toenails.
You are partially covered in thin metallic scales. (AC +2)
You have supernaturally acute eyesight. (SInv)
You possess an exceptional clarity of mind.
You passively map a small area around you.
You are weak. (Str -2)
Your spells are harder to cast, but more powerful.
You evolve.
You expend magic power (3 MP) to strengthen your wands.


Message History

You fade into invisibility!
The seven-headed hydra bites you.
* * * LOW HITPOINT WARNING * * *
The seven-headed hydra bites you but does no damage.
The seven-headed hydra bites you.
* * * LOW HITPOINT WARNING * * *
The seven-headed hydra barely misses you.
The seven-headed hydra bites you but does no damage.
The seven-headed hydra barely misses you.
The seven-headed hydra bites you but does no damage.
You are very lightly contaminated with residual magic.
Huge Dmg: -4%(-7hp) hp: 6%(9hp)
You enter the shallow water.
Moving in this stuff is going to be slow. ...and don't expect to remain undetected.
You feel sick.
The seven-headed hydra bites you but does no damage. x2
The seven-headed hydra closely misses you.
The seven-headed hydra bites you!
You die...

,≈(♣♣.§≈≈≈≈≈..♣♣
♣.≈♣ ,
≈≈...≈♣≈≈≈≈.♣.♣
♣♣≈♣ ≈
≈≈≈≈♣≈≈.≈≈≈..♣♣
♣.♣
...≈≈§♣:≈≈.♣♣♣
♣.≈*
≈≈..≈..:.≈♣♣ ♣.≈
* ≈≈.≈≈≈≈≈.♣♣
♣.. ,≈♣..≈≈≈≈≈♣
≈..♣.≈≈≈≈♣ ..
♣.≈≈≈@♣ , ≈
♣.≈..D♣♣ *
♣♣.≈.≈≈.♣ ≈
♣..≈.≈≈.♣♣
*♣.≈≈.♣≈≈.♣ *
♣.≈≈.♣...♣
♣.≈..♣...♣♣
♣.≈.♣♣♣...♣♣ *,
.§♣. ♣....♣ *


You could see a seven-headed hydra.

Vanquished Creatures
  Rupert (Orc:2)
  Kirke (D:13)
  Louise (D:15)
  A yaktaur captain (D:15)
  5 catoblepae
  2 centaur warriors
  7 hydras
  Erica (Orc:1)
  4 two-headed ogres
  An alligator (Swamp:1)
  15 death yaks
  7 orc high priests
  A queen ant (Lair:2)
  Urug (Lair:5)
  A sun demon (Orc:2)
  2 slime creatures (D:10)
  A sixfirhy (D:9)
  An infernal demonspawn (Orc:2)
  A torturous demonspawn (Orc:2)
  A wretched star (Abyss:2)
  2 gelid demonspawn (Orc:2)
  3 unseen horrors
  A deep elf archer (D:15)
  6 orc knights
  A wolf spider zombie (D:13)
  An ugly thing (D:11)
  A deep elf mage (D:14)
  An oklob plant (Lair:3)
  3 manticores
  7 orc sorcerers
  4 cyclopes
  A guardian serpent (shapeshifter) (D:13)
  A cyclops (shapeshifter) (D:13)
  12 elephants (Lair:6)
  A black mamba (Lair:6)
  3 centaur zombies
  A rust devil (Orc:2)
  15 spiny frogs
  A yaktaur (D:15)
  5 komodo dragons
  2 kobold demonologists
  4 rime drakes
  2 ancient zymes (Abyss:2)
  A tengu conjurer (D:15)
  2 red devils (Orc:2)
  6 trolls
  2 polar bears
  A hornet (D:13)
  14 blink frogs
  A bog body (Swamp:1)
  7 dream sheep
  8 hippogriffs
  4 wyverns
  44 yaks
  A fire elemental (D:15)
  2 basilisks
  A steam dragon (D:9)
  3 hogs (D:13)
  4 vampire mosquitoes (Swamp:1)
  3 hungry ghosts
  A neqoxec (Orc:2)
  5 soldier ants (Lair:2)
  A two-headed ogre zombie (D:9)
  A swamp worm (Swamp:1)
  Edmund (D:6)
  3 wargs
  2 acid dragons
  A naga (Lair:3)
  11 water moccasins
  7 porcupines
  44 orc warriors
  An eye of draining (D:13)
  An eye of draining (shapeshifter) (D:13)
  4 ice beasts
  3 sky beasts
  8 phantoms
  A swamp drake (Swamp:1)
  A black bear (D:8)
  6 ogres
  2 necrophages (D:12)
  29 wolves
  9 centaurs
  12 crocodiles
  27 bullfrogs
  3 big kobolds
  2 wyvern skeletons
  3 troll zombies (D:9)
  A water moccasin zombie (D:5)
  3 scorpions
  3 killer bees (D:8)
  12 wights
  9 electric eels
  3 spriggan skeletons (D:10)
  A howler monkey (D:5)
  14 crimson imps
  2 quasits (D:9)
  Crazy Yiuf (D:4)
  9 hounds
  3 jellies (D:9)
  37 orc priests
  28 orc wizards
  6 bullfrog zombies
  7 centaur skeletons
  An iron imp (Abyss:2)
  3 bullfrog skeletons
  6 iguanas
  24 worker ants
  4 ogre zombies (D:9)
  A howler monkey zombie (D:7)
  2 worker ant zombies
  Robin (D:4)
  A howler monkey skeleton (D:6)
  9 adders
  A gnoll (D:1)
  2 river rats (D:11)
  5 shadow imps
  2 oozes
  3 worms
  2 dart slugs (D:1)
  7 leopard geckos
  85 orcs
  8 bats
  5 giant cockroaches
  14 goblins
  9 hobgoblins
  18 jackals
  4 quokkas
  2 ball pythons
  3 frilled lizards
  A giant cockroach zombie (D:6)
  2 goblin skeletons (D:9)
  2 goblin zombies (D:9)
  3 hobgoblin skeletons (D:9)
  3 hobgoblin zombies (D:9)
  23 kobolds
  A leopard gecko zombie (D:8)
  An orc skeleton (D:9)
  14 orc zombies (D:9)
  A quokka skeleton (D:5)
  6 rats
  A plant (D:11)
845 creatures vanquished.

Vanquished Creatures (collateral kills)
  A centaur (D:14)
  A scorpion (D:4)
  An adder (D:2)
3 creatures vanquished.

Vanquished Creatures (others)
  A giant cockroach (D:5)
  A bush (Lair:6)
  10 fungi
  6 plants
18 creatures vanquished.

Grand Total: 866 creatures vanquished

Notes
Turn   | Place    | Note
-------+----------+-------------------------------------------
     0 | D:1      | Monsterracer the Ogre Transmuter began the quest for the Orb.
     0 | D:1      | Reached XP level 1. HP: 19/19 MP: 3/3
   290 | D:1      | HP: 9/20 [rat (3)]
   294 | D:1      | Reached XP level 2. HP: 7/28 MP: 3/5
   300 | D:1      | Learned a level 2 spell: Sticks to Snakes
   907 | D:1      | Reached XP level 3. HP: 30/35 MP: 6/6
   912 | D:1      | Learned a level 3 spell: Spider Form
  1876 | D:2      | Reached XP level 4. HP: 39/44 MP: 8/8
  2270 | D:2      | Found an opulent altar of Gozag.
  2815 | D:3      | Found a transporter.
  2817 | D:3      | Found a transporter.
  3419 | D:3      | Reached XP level 5. HP: 52/52 MP: 7/9
  3425 | D:3      | Learned a level 4 spell: Ice Form
  3947 | D:4      | Noticed Robin
  3965 | D:4      | Killed Robin
  4086 | D:4      | Reached XP level 6. HP: 32/61 MP: 6/10
  4090 | D:4      | HP: 29/61 [poisoned by a worker ant]
  4095 | D:4      | HP: 25/61 [poisoned by a worker ant]
  4100 | D:4      | HP: 24/61 [poisoned by a worker ant]
  4103 | D:4      | Reached skill level 1 in Ice Magic
  4105 | D:4      | HP: 13/61 [poisoned by a worker ant]
  4112 | D:4      | HP: 14/61 [poisoned by a worker ant]
  4119 | D:4      | HP: 16/61 [poisoned by a worker ant]
  4127 | D:4      | HP: 19/61 [poisoned by a worker ant]
  4340 | D:4      | Found a staircase to the Ecumenical Temple.
  4376 | Temple   | Entered the Ecumenical Temple
  4517 | Temple   | Became a worshipper of Warmaster Okawaru
  4631 | D:4      | Found a runed door.
  4723 | D:4      | Noticed Crazy Yiuf
  4725 | D:4      | Killed Crazy Yiuf
  4725 | D:4      | Reached skill level 1 in Invocations
  4933 | D:4      | Found a burning altar of Makhleb.
  4944 | D:4      | Reached XP level 7. HP: 66/70 MP: 8/11
  5175 | D:5      | Entered Level 5 of the Dungeon
  5230 | D:5      | Found a shimmering altar of Xom.
  5291 | D:5      | Reached * piety under Okawaru
  5322 | D:5      | Reached skill level 5 in Unarmed Combat
  5414 | D:5      | Reached XP level 8. HP: 79/79 MP: 3/12
  5434 | D:5      | Reached skill level 5 in Transmutations
  5584 | D:5      | Reached skill level 5 in Fighting
  5621 | D:5      | Found a shattered altar of Ashenzari.
  5729 | D:5      | HP: 45/96 [something (6)]
  5735 | D:5      | HP: 23/96 [poisoned by a worker ant]
  5740 | D:5      | HP: 24/96 [sky beast (1)]
  5741 | D:5      | Reached ** piety under Okawaru
  5745 | D:5      | Gained mutation: Your body sometimes deteriorates upon taking damage. [mutagenic meat]
  5746 | D:5      | Gained mutation: You occasionally shout uncontrollably at your foes. [mutagenic meat]
  5747 | D:5      | Gained mutation: You are partially covered in thin metallic scales. (AC +2) [mutagenic meat]
  5747 | D:5      | HP: 22/96 [poisoned by a worker ant]
  5748 | D:5      | Gained mutation: You passively map a small area around you. [mutagenic meat]
  5749 | D:5      | Gained mutation: You have sharp toenails. [mutagenic meat]
  6501 | D:6      | Reached XP level 9. HP: 50/89 MP: 7/13
  7120 | D:6      | Noticed Edmund
  7130 | D:6      | Killed Edmund
  7130 | D:6      | Reached *** piety under Okawaru
  7142 | D:6      | Learned a level 5 spell: Blade Hands
  7918 | D:7      | Found an iron altar of Okawaru.
  7989 | D:7      | Got a translucent hand axe
  7990 | D:7      | Identified the +4 hand axe of Forced Transition {elec, rC++} (You found it on level 7 of the Dungeon)
  8480 | D:8      | Reached skill level 5 in Invocations
  8496 | D:8      | Noticed a two-headed ogre
  8504 | D:8      | HP: 53/111 [two-headed ogre/giant spiked club (22)]
  8505 | D:8      | Killed a two-headed ogre
  8505 | D:8      | Reached **** piety under Okawaru
  8505 | D:8      | Reached XP level 10. HP: 58/102 MP: 3/14
  9000 | D:8      | HP: 62/124 [orc wizard/magic dart (8)]
  9006 | D:8      | HP: 58/124 [orc wizard/magic dart (5)]
  9529 | D:9      | HP: 62/124 [ogre zombie (9)]
  9864 | D:9      | Reached ***** piety under Okawaru
  9912 | D:9      | HP: 61/124 [troll zombie (8)]
 10139 | D:9      | Found Yjiyprin's Food Shoppe.
 10231 | D:9      | HP: 60/124 [steam dragon (6)]
 10342 | D:9      | Received a gift from Okawaru
 10358 | D:9      | Got a bloodstained robe {god gift}
 10404 | D:9      | Identified the +0 robe "Kotzut" {Int+4} (Okawaru gifted it to you on level 9 of the Dungeon)
 10497 | D:9      | Found a shimmering altar of Xom.
 10508 | D:9      | Found a radiant altar of Vehumet.
 10508 | D:9      | Found a sacrificial altar of Ru.
 10526 | D:9      | Found a staircase to the Orcish Mines.
 10633 | D:9      | HP: 61/127 [two-headed ogre zombie (7)]
 10641 | D:9      | Found a runed door.
 10790 | D:9      | Noticed a sixfirhy
 10796 | D:9      | Killed a sixfirhy
 10796 | D:9      | Reached XP level 11. HP: 70/113 MP: 5/16
 11605 | D:10     | Entered Level 10 of the Dungeon
 11761 | D:10     | HP: 65/135 [something (6)]
 11766 | D:10     | HP: 36/135 [something (6)]
 11768 | D:10     | Killed an unseen horror
 11768 | D:10     | Reached skill level 5 in Dodging
 11942 | D:10     | Noticed a two-headed ogre
 11951 | D:10     | Killed a two-headed ogre
 12697 | D:10     | Received a gift from Okawaru
 12964 | D:11     | Noticed a death yak
 12965 | D:11     | Noticed a death yak
 12965 | D:11     | Noticed a death yak
 12974 | D:11     | Noticed a death yak
 12975 | D:11     | Noticed a death yak
 12987 | D:10     | Killed a death yak
 12987 | D:10     | Reached skill level 10 in Unarmed Combat
 13040 | D:10     | Killed a death yak
 13089 | D:10     | HP: 47/117 [death yak (20)]
 13090 | D:10     | Killed a death yak
 13090 | D:10     | Reached skill level 10 in Fighting
 13090 | D:10     | Reached XP level 12. HP: 50/126 MP: 6/17
 13100 | D:10     | Killed a death yak
 13215 | D:10     | Killed a death yak
 13248 | D:11     | Found a staircase to the Lair.
 13431 | Lair:1   | Entered Level 1 of the Lair of Beasts
 13475 | Lair:1   | Received a gift from Okawaru
 13482 | Lair:1   | HP: 69/152 [crocodile (10)]
 13801 | Lair:1   | Learned a level 1 spell: Confusing Touch
 13803 | Lair:1   | Learned a level 1 spell: Apportation
 13818 | Lair:1   | HP: 73/152 [wolf (11)]
 13838 | Lair:1   | HP: 65/153 [wolf (11)]
 14583 | Lair:2   | Got a pitted dagger
 14586 | Lair:2   | Identified the cursed +3 dagger of Courage {flame, rN+ MP+9 Dex+2} (You found it on level 2 of the Lair of Beasts)
 14695 | Lair:2   | Lost mutation: Your body sometimes deteriorates upon taking damage. [potion of mutation]
 14695 | Lair:2   | Lost mutation: You have sharp toenails. [potion of mutation]
 14695 | Lair:2   | Lost mutation: You occasionally shout uncontrollably at your foes. [potion of mutation]
 14695 | Lair:2   | Gained mutation: You have a pair of small horns on your head. [potion of mutation]
 14695 | Lair:2   | Gained mutation: Your flesh is heat resistant. (rF+) [potion of mutation]
 14695 | Lair:2   | Gained mutation: Your spells are a little harder to cast, but a little more powerful. [potion of mutation]
 14695 | Lair:2   | Gained mutation: Your spells are harder to cast, but more powerful. [potion of mutation]
 14696 | Lair:2   | Lost mutation: You are partially covered in thin metallic scales. (AC +2) [potion of mutation]
 14696 | Lair:2   | Lost mutation: Your flesh is heat resistant. (rF+) [potion of mutation]
 14696 | Lair:2   | Gained mutation: You can translocate small distances at will. [potion of mutation]
 14696 | Lair:2   | Gained mutation: Your muscles are strong. (Str +2) [potion of mutation]
 14696 | Lair:2   | Gained mutation: You have sharp toenails. [potion of mutation]
 14697 | Lair:2   | Lost mutation: Your muscles are strong. (Str +2) [potion of mutation]
 14697 | Lair:2   | Lost mutation: You can translocate small distances at will. [potion of mutation]
 14697 | Lair:2   | Lost mutation: Your spells are harder to cast, but more powerful. [potion of mutation]
 14697 | Lair:2   | Lost mutation: You have a pair of small horns on your head. [potion of mutation]
 14697 | Lair:2   | Gained mutation: You evolve. [potion of mutation]
 14697 | Lair:2   | Gained mutation: You rapidly evolve. [potion of mutation]
 14697 | Lair:2   | Gained mutation: You are weak. (Str -2) [potion of mutation]
 14697 | Lair:2   | Gained mutation: You are partially covered in thin metallic scales. (AC +2) [potion of mutation]
 14876 | Lair:2   | Noticed a queen ant
 14887 | Lair:2   | Killed a queen ant
 14887 | Lair:2   | Reached skill level 1 in Hexes
 15497 | Lair:3   | Found a dark tunnel.
 15693 | Lair:3   | Learned a level 3 spell: Ozocubu's Armour
 15720 | Lair:3   | HP: 74/156 [electric eel/bolt of electricity (9)]
 15725 | Lair:3   | HP: 52/156 [electric eel/bolt of electricity (3)]
 16097 | Lair:3   | Found a staircase to the Snake Pit.
 16180 | Lair:3   | Gained mutation: You expend magic power (3 MP) to strengthen your wands. [evolution]
 16204 | Lair:3   | Reached XP level 13. HP: 121/137 MP: 13/19
 16265 | Lair:3   | You fall through a shaft!
 16561 | Lair:4   | HP: 73/164 [rime drake/flash freeze (18)]
 16565 | Lair:4   | Reached ****** piety under Okawaru
 17090 | Lair:4   | Received a gift from Okawaru
 17163 | Lair:4   | Found a staircase to the Swamp.
 17883 | Lair:5   | HP: 77/166 [five-headed hydra (11)]
 17889 | Lair:5   | HP: 45/166 [poisoned by a spiny frog]
 17895 | Lair:5   | HP: 47/166 [poisoned by a spiny frog]
 17902 | Lair:5   | HP: 51/166 [poisoned by a spiny frog]
 18071 | Lair:5   | Noticed Urug
 18077 | Lair:5   | HP: 68/139 [Urug/long sword of electrocution (6)]
 18080 | Lair:5   | Killed Urug
 18080 | Lair:5   | Reached skill level 1 in Charms
 18717 | Lair:5   | Gained mutation: You possess an exceptional clarity of mind. [evolution]
 18777 | Lair:5   | Found a shattered altar of Ashenzari.
 18959 | Lair:5   | Reached skill level 10 in Transmutations
 19131 | Lair:6   | Entered Level 6 of the Lair of Beasts
 19146 | Lair:6   | Found a viscous altar of Jiyva.
 19157 | Lair:6   | Found a staircase to the Slime Pits.
 19178 | Lair:6   | Received a gift from Okawaru
 19182 | Lair:6   | HP: 70/140 [poisoned by a spiny frog]
 19187 | Lair:6   | HP: 68/140 [poisoned by a spiny frog]
 19193 | Lair:6   | HP: 67/140 [poisoned by a spiny frog]
 19198 | Lair:6   | HP: 68/140 [poisoned by a spiny frog]
 19203 | Lair:6   | HP: 70/140 [poisoned by a spiny frog]
 19351 | Lair:6   | Reached XP level 14. HP: 90/150 MP: 7/20
 19558 | Lair:6   | HP: 74/150 [elephant (6)]
 19563 | Lair:6   | HP: 56/150 [poisoned by a spiny frog]
 19568 | Lair:6   | HP: 55/150 [poisoned by a spiny frog]
 19573 | Lair:6   | HP: 56/150 [poisoned by a spiny frog]
 19580 | Lair:6   | HP: 58/150 [poisoned by a spiny frog]
 19587 | Lair:6   | HP: 61/150 [poisoned by a spiny frog]
 19595 | Lair:6   | HP: 65/150 [poisoned by a spiny frog]
 20108 | Lair:6   | HP: 77/180 [seven-headed hydra (14)]
 20252 | Lair:6   | Received a gift from Okawaru
 20824 | Lair:6   | HP: 63/153 [catoblepas (25)]
 21173 | Lair:6   | Received a gift from Okawaru
 21560 | Lair:6   | Gained mutation: You have supernaturally acute eyesight. (SInv) [evolution]
 21830 | Orc:1    | Entered Level 1 of the Orcish Mines
 21837 | Orc:1    | Noticed Erica
 21850 | Orc:1    | Killed Erica
 22116 | Orc:1    | HP: 62/153 [ice devil[an orc knight] (21)]
 22704 | Orc:1    | Found a roughly hewn altar of Beogh.
 22777 | Orc:2    | Entered Level 2 of the Orcish Mines
 23010 | Orc:2    | Found a staircase to the Elven Halls.
 23202 | Orc:2    | Found Idoluerre's Distillery.
 23214 | Orc:2    | HP: 74/153 [orc warrior/mace (20)]
 23222 | Orc:2    | Reached XP level 15. HP: 81/161 MP: 8/21
 23232 | Orc:2    | Found Itausexe's Distillery.
 23422 | Orc:2    | Lost mutation: Your spells are a little harder to cast, but a little more powerful. [a neqoxec]
 23580 | Orc:2    | Received a gift from Okawaru
 23588 | Orc:2    | Paralysed by an orc sorcerer for 7 turns
 23800 | Orc:2    | Paralysed by an orc sorcerer for 7 turns
 23943 | Orc:2    | Found Miesyvat's Antique Weapon Shop.
 23943 | Orc:2    | Found Gurory's Gadget Boutique.
 23943 | Orc:2    | Found a one-way gate leading to the halls of Pandemonium.
 23993 | Orc:2    | Gained mutation: You have a pair of small horns on your head. [evolution]
 24075 | Orc:2    | Noticed Rupert
 24088 | Orc:2    | Killed Rupert
 24088 | Orc:2    | Received a gift from Okawaru
 24088 | Orc:2    | Reached skill level 10 in Dodging
 24088 | Orc:2    | Reached skill level 5 in Spellcasting
 24123 | Orc:2    | Bought a potion of haste for 150 gold pieces
 24123 | Orc:2    | Bought a potion of heal wounds for 75 gold pieces
 24125 | Orc:2    | Bought a potion of might for 44 gold pieces
 24125 | Orc:2    | Bought a potion of heal wounds for 55 gold pieces
 24125 | Orc:2    | Bought a potion of heal wounds for 55 gold pieces
 24125 | Orc:2    | Bought a potion of haste for 110 gold pieces
 24125 | Orc:2    | Bought a potion of haste for 110 gold pieces
 24128 | Orc:2    | Bought a potion of mutation for 88 gold pieces
 25164 | D:12     | HP: 99/198 [manticore (10)]
 25715 | D:12     | Reached skill level 1 in Throwing
 26418 | D:13     | Paralysed by a floating eye for 2 turns
 26545 | D:13     | Gained mutation: Your spells are a little harder to cast, but a little more powerful. [evolution]
 26597 | D:13     | Noticed Kirke
 26614 | D:13     | Killed Kirke
 27027 | D:13     | Reached skill level 15 in Unarmed Combat
 27219 | D:13     | Found a gate to the Vaults.
 27510 | D:14     | HP: 82/165 [centaur/arrow[a centaur warrior] (11)]
 27515 | D:14     | HP: 44/165 [centaur/arrow[a centaur warrior] (11)]
 27522 | D:14     | HP: 53/165 [centaur warrior/arrow (21)]
 27867 | D:14     | Identified a scroll of acquirement
 27867 | D:14     | Identified the Volume of Confrontation (You acquired it on level 14 of the Dungeon)
 28076 | D:15     | Entered Level 15 of the Dungeon
 28077 | D:15     | Noticed Louise
 28087 | D:15     | Cast into level 2 of the Abyss (Louise)
 28090 | Abyss:2  | Found a radiant altar of Vehumet.
 28177 | Abyss:2  | Reached XP level 16. HP: 151/174 MP: 21/24
 28191 | D:15     | Escaped the Abyss
 28205 | D:15     | Killed Louise
 28205 | D:15     | Received a gift from Okawaru
 28394 | D:15     | HP: 56/174 [catoblepas (35)]
 28400 | D:15     | HP: 23/174 [catoblepas (32)]
 28404 | D:15     | Reached skill level 15 in Fighting
 28410 | D:15     | HP: 48/176 [deep elf archer/arrow (1)]
 28470 | D:15     | HP: 74/176 [cyclops/large rock (20)]
 28835 | D:14     | Gained mutation: Your spells are harder to cast, but more powerful. [evolution]
 28835 | D:14     | Lost mutation: You rapidly evolve. [decline of evolution]
 29046 | D:15     | Found a staircase to the Depths.
 29147 | D:15     | HP: 105/211 [cyclops/large rock (24)]
 29898 | Swamp:1  | Entered Level 1 of the Swamp
 29929 | Swamp:1  | HP: 104/211 [bog body] (3)]
 30015 | Swamp:1  | Learned a level 2 spell: Song of Slaying
 30019 | Swamp:1  | Learned a level 3 spell: Regeneration
 30075 | Swamp:1  | HP: 77/176 [alligator (30)]
 30080 | Swamp:1  | HP: 53/176 [poisoned by a spiny frog]
 30085 | Swamp:1  | HP: 40/176 [vampire mosquito (6)]
 30090 | Swamp:1  | HP: 39/176 [poisoned by a spiny frog]
 30096 | Swamp:1  | HP: 36/176 [poisoned by a spiny frog]
 30101 | Swamp:1  | HP: 35/176 [poisoned by a spiny frog]
 30107 | Swamp:1  | HP: 38/176 [poisoned by a spiny frog]
 30111 | Swamp:1  | HP: 8/176 [seven-headed hydra (11)]
 30114 | Swamp:1  | Slain by a seven-headed hydra

Skill      XL: |  1  2  3  4  5  6  7  8  9 10 11 12 13 14 15 16 |
---------------+-------------------------------------------------+-----
Transmutations | 2 3 4 5 6 7 8 9 10 11 | 11.0
Unarmed Combat | 3 4 5 6 7 9 10 11 12 13 15 | 15.6
Fighting       | 2 3 4 5 7 8 10 11 12 13 14 15 | 15.2
Spellcasting   | 3 4 5 |  5.5
Ice Magic      | 1 2 3 |  3.2
Invocations    | 1 3 5 6 7 8 |  8.0
Dodging        | 3 4 6 7 8 9 10 | 10.8
Hexes          | 2 3 |  3.0
Charms         | 2 3 |  3.1
Throwing       | 2 |  2.8
Evocations     | |  0.8

Action                   |  1- 3 |  4- 6 |  7- 9 | 10-12 | 13-15 | 16-18 || total
-------------------------+-------+-------+-------+-------+-------+-------++-------
Melee: Unarmed           |   149 |   197 |   402 |   653 |  1225 |   130 ||  2756
       Headbutt          |     3 |     5 |       |       |    34 |     9 ||    51
       Kick              |     5 |     2 |    29 |    61 |   137 |    21 ||   255
       Punch             |     1 |     1 |     4 |    12 |    23 |    11 ||    52
       Staff             |       |       |       |     5 |       |       ||     5
Throw: Large rock        |       |       |       |       |     1 |       ||     1
 Cast: Beastly Appendage |    13 |     6 |       |       |       |       ||    19
       Spider Form       |     1 |     6 |     5 |     2 |       |       ||    14
       Sticks to Snakes  |     1 |     2 |       |     1 |     2 |       ||     6
       Ice Form          |       |     1 |    15 |    40 |    50 |     3 ||   109
       Blade Hands       |       |       |       |    16 |    50 |     7 ||    73
       Confusing Touch   |       |       |       |     1 |    14 |       ||    15
       Ozocubu's Armour  |       |       |       |       |    29 |     1 ||    30
       Regeneration      |       |       |       |       |       |     1 ||     1
Invok: Heroism           |       |       |     1 |     6 |    11 |     2 ||    20
       Finesse           |       |       |       |     4 |     4 |     1 ||     9
 Abil: Evoke Invisibilit |       |       |       |       |       |     1 ||     1
Evoke: Wand              |       |     1 |       |       |       |       ||     1
  Use: Scroll            |       |    11 |     9 |    13 |    13 |     2 ||    48
       Potion            |       |       |       |     4 |     1 |     4 ||     9
 Stab: Sleeping          |       |       |     2 |     1 |       |       ||     3
       Confused          |       |       |       |     1 |     7 |       ||     8
       Petrified         |       |       |       |       |     5 |       ||     5
       Petrifying        |       |       |       |       |       |     2 ||     2
       Distracted        |       |       |       |       |       |     1 ||     1
       Invisible         |       |       |       |       |       |     1 ||     1
  Eat: Chunk             |     4 |    11 |    18 |    40 |    62 |     7 ||   142
       Meat ration       |       |       |     1 |       |       |       ||     1
       Fruit             |       |       |       |     6 |     5 |     3 ||    14
Armor: Robe              |    56 |    47 |    44 |    73 |   225 |    44 ||   489
       Skin              |     1 |     1 |    35 |   100 |   140 |    12 ||   289
Dodge: Dodged            |    77 |   117 |   181 |   362 |   641 |   121 ||  1499
       Deflected         |       |       |       |       |       |     4 ||     4
